3L
OAKLAND OAKS @ HOUSTON 1837 COLT .45S
07/20/2019
 
TOP OF THE 1ST
Oakland Oaks batting - Pitching for Houston 1837 Colt .45s : RHP Dave Ponsonby
Pitching: RHP Dave Ponsonby
Batting: SHB Ramiro Salazar 0-0: Ball
1-0: Ball
2-0: Ball
3-0: Called Strike
3-1: Base on Balls
Batting: LHB Félix Pérez 0-0: Ball
1-0: Fly out, F5 (Popup, 5F)
Batting: RHB Alden Wiley 0-0: Called Strike
0-1: Ball
Wild Pitch!
Ramiro Salazar to second
1-1: Ball
2-1: Swinging Strike
2-2: Ball
3-2: Base on Balls
Batting: RHB Aurelio Vázquez 0-0: Ball
1-0: Called Strike
1-1: Ball
2-1: Ball
3-1: Base on Balls
Ramiro Salazar to third
Alden Wiley to second
Batting: RHB Wilber Moon 0-0: Ball
1-0: Fly out, F9 (Flyball, 9LM)
Runner from 3rd tags up, SCORES, throw made
Batting: LHB Edwin Church 0-0: Called Strike
0-1: Ball
1-1: Ground out U3 (Groundball, 3)
Top of the 1st over - 1 run(s), 0 hit(s), 0 error(s), 2 left on base; Oakland 1 - Houston 1837 0
BOTTOM OF THE 1ST
Houston 1837 Colt .45s batting - Pitching for Oakland Oaks : RHP Jim Roberts
Pitching: RHP Jim Roberts
Batting: RHB Carlos Vera 0-0: Called Strike
0-1: Swinging Strike
0-2: Fly out, F9 (Popup, 9S)
Batting: SHB Cedric Fields 0-0: Fly out, F8 (Line Drive, 8LM)
Batting: LHB Mark McClear 0-0: Called Strike
0-1: Ball
1-1: Ball
2-1: Ball
3-1: Swinging Strike
3-2: Foul Ball, location: 2F
3-2: Reached on error, E3 (Groundball, 3S)
Batting: LHB Juan Rodríguez 0-0: Called Strike
0-1: Called Strike
0-2: SINGLE (Groundball, 56)
Mark McClear to second
Batting: RHB Rob Warner 0-0: Ball
1-0: Ball
2-0: Foul Ball, location: 2F
2-1: Swinging Strike
2-2: Fly out, F9 (Flyball, 9S)
Bottom of the 1st over - 0 run(s), 1 hit(s), 1 error(s), 2 left on base; Oakland 1 - Houston 1837 0
TOP OF THE 2ND
Oakland Oaks batting - Pitching for Houston 1837 Colt .45s : RHP Dave Ponsonby
Batting: RHB Miguel Fernández 0-0: Ball
1-0: Called Strike
1-1: Ball
2-1: Ground out 6-3 (Groundball, 6M)
Batting: SHB Jim Roberts 0-0: Ball
1-0: SINGLE (Flyball, 4MD)
Batting: LHB Johnny Hernández 0-0: Fly out, F7 (Line Drive, 7M)
Batting: SHB Ramiro Salazar 0-0: Ball
1-0: Ball
2-0: Ball
3-0: Base on Balls
Jim Roberts to second
Batting: LHB Félix Pérez 0-0: Ball
1-0: Ball
2-0: Called Strike
2-1: 3-RUN HOME RUN (Flyball, 9LD), Distance : 362 ft
Batting: RHB Alden Wiley 0-0: Foul Ball, location: 2F
0-1: Called Strike
0-2: Foul Ball, location: 2F
0-2: Ball
1-2: Ball
2-2: Foul Ball, location: 2F
2-2: Ball
3-2: Fly out, F7 (Flyball, 7M)
Top of the 2nd over - 3 run(s), 2 hit(s), 0 error(s), 0 left on base; Oakland 4 - Houston 1837 0
BOTTOM OF THE 2ND
Houston 1837 Colt .45s batting - Pitching for Oakland Oaks : RHP Jim Roberts
Batting: LHB Casey Bright 0-0: Called Strike
0-1: Ball
1-1: Swinging Strike
1-2: Ball
2-2: Foul Ball, location: 2F
2-2: Ball
3-2: Base on Balls
Batting: LHB Kyle Bass 0-0: Foul Ball, location: 2F
0-1: Swinging Strike
0-2: Ball
1-2: Fly out, F9 (Line Drive, 9M)
Batting: LHB Jorge Lucero 0-0: Fly out, F7 (Flyball, 7S)
Pinch Hitting: RHB Elvis Larson 0-0: Ball
1-0: Called Strike
1-1: SINGLE (Groundball, 4MD) (infield hit)
Casey Bright to second
Batting: RHB Carlos Vera 0-0: Called Strike
0-1: Ball
1-1: Called Strike
1-2: Foul Ball, location: 2F
1-2: SINGLE (Line Drive, 9S)
Casey Bright to third
Elvis Larson to second
Batting: SHB Cedric Fields 0-0: Foul Ball, location: 2F
0-1: Ball
1-1: Foul Ball, location: 2F
1-2: Ball
2-2: GRAND SLAM HOME RUN (Flyball, 89XD), Distance : 433 ft
Batting: LHB Mark McClear 0-0: Foul Ball, location: 2F
0-1: Foul Ball, location: 2F
0-2: Ball
1-2: Ball
2-2: Foul Ball, location: 2F
2-2: Foul Ball, location: 2F
2-2: Fly out, F8 (Flyball, 8LM)
Bottom of the 2nd over - 4 run(s), 3 hit(s), 0 error(s), 0 left on base; Oakland 4 - Houston 1837 4
TOP OF THE 3RD
Oakland Oaks batting - Pitching for Houston 1837 Colt .45s : RHP Dave Ponsonby
Pitching: RHP Omer van Osch
Batting: RHB Aurelio Vázquez 0-0: Called Strike
0-1: SINGLE (Groundball, 5D)
Batting: RHB Wilber Moon 0-0: Ball
1-0: Ball
2-0: Called Strike
2-1: Swinging Strike
2-2: Ball
3-2: Foul Ball, location: 2F
3-2: Base on Balls
Aurelio Vázquez to second
Batting: LHB Edwin Church 0-0: Ball
1-0: SINGLE (Line Drive, 89M)
Aurelio Vázquez to third
Wilber Moon to second
Batting: RHB Miguel Fernández 0-0: Called Strike
0-1: Fly out, F8 (Flyball, 8RM)
Runner from 3rd tags up, OUT at HOME
Wilber Moon to third
Edwin Church to second
Pinch Hitting: RHB Dave Henderson 0-0: Called Strike
0-1: Swinging Strike
0-2: Ball
1-2: Foul Ball, location: 2F
1-2: Fly out, F7 (Line Drive, 8LS)
Top of the 3rd over - 0 run(s), 2 hit(s), 0 error(s), 2 left on base; Oakland 4 - Houston 1837 4
BOTTOM OF THE 3RD
Houston 1837 Colt .45s batting - Pitching for Oakland Oaks : RHP Jim Roberts
Pitching: RHP Curt Timperley
Batting: LHB Juan Rodríguez 0-0: Ball
1-0: Ground out 1-3 (Groundball, 13S)
Batting: RHB Rob Warner 0-0: Called Strike
0-1: Swinging Strike
0-2: Ball
1-2: Foul Ball, location: 2F
1-2: Ground out 5-3 (Groundball, 56)
Batting: LHB Casey Bright 0-0: Ball
1-0: Ball
2-0: Foul Ball, location: 2F
2-1: Foul Ball, location: 2F
2-2: Foul Ball, location: 2F
2-2: Ball
3-2: SINGLE (Flyball, 8RS)
Batting: LHB Kyle Bass 0-0: Ball
1-0: Ball
2-0: Swinging Strike
2-1: Ball
3-1: Base on Balls
Casey Bright to second
Batting: LHB Jorge Lucero 0-0: Ball
1-0: Foul Ball, location: 2F
1-1: Swinging Strike
1-2: Strikes out swinging
Bottom of the 3rd over - 0 run(s), 1 hit(s), 0 error(s), 2 left on base; Oakland 4 - Houston 1837 4
TOP OF THE 4TH
Oakland Oaks batting - Pitching for Houston 1837 Colt .45s : RHP Omer van Osch
Batting: LHB Johnny Hernández 0-0: Ball
1-0: Ball
2-0: Called Strike
2-1: Swinging Strike
2-2: SINGLE (Groundball, 4MD)
Batting: SHB Ramiro Salazar 0-0: Called Strike
0-1: Ball
1-1: Ball
2-1: Ball
3-1: Fly out, F8 (Flyball, 8RS)
Batting: LHB Félix Pérez 0-0: Called Strike
Johnny Hernández steals 2nd base
0-1: Ball
1-1: Called Strike
1-2: Fly out, F6 (Line Drive, 6)
1-2: Fly out, F6 (Line Drive, 6)
Batting: RHB Alden Wiley 0-0: SINGLE (Line Drive, 8RS)
Johnny Hernández to third
Runner from 3rd tries for Home, SAFE, no throw or cutoff
Batting: RHB Aurelio Vázquez 0-0: Ball
1-0: Ball
2-0: Ball
3-0: Called Strike
3-1: Base on Balls
Alden Wiley to second
Pitching: RHP Ricardo Martínez
Batting: RHB Wilber Moon 0-0: Ball
1-0: Called Strike
1-1: Foul Ball, location: 2F
1-2: Ball
2-2: Ball
3-2: SINGLE (Groundball, 34S)
Alden Wiley to third
Aurelio Vázquez to second
Alden Wiley scores
Aurelio Vázquez to third
Batting: LHB Edwin Church 0-0: Swinging Strike
0-1: Ball
1-1: Fly out, F6 (Popup, 6D)
Top of the 4th over - 2 run(s), 3 hit(s), 0 error(s), 2 left on base; Oakland 6 - Houston 1837 4
BOTTOM OF THE 4TH
Houston 1837 Colt .45s batting - Pitching for Oakland Oaks : RHP Curt Timperley
Batting: RHB Ricardo Martínez 0-0: Ball
1-0: Fly out, F7 (Line Drive, 7S)
Batting: RHB Carlos Vera 0-0: Fly out, F3 (Popup, 3DF)
Batting: SHB Cedric Fields 0-0: Ball
1-0: Swinging Strike
1-1: Swinging Strike
1-2: Ball
2-2: Foul Ball, location: 2F
2-2: Strikes out swinging
Bottom of the 4th over - 0 run(s), 0 hit(s), 0 error(s), 0 left on base; Oakland 6 - Houston 1837 4
TOP OF THE 5TH
Oakland Oaks batting - Pitching for Houston 1837 Colt .45s : RHP Ricardo Martínez
Batting: RHB Miguel Fernández 0-0: Ball
1-0: SINGLE (Groundball, 56D)
Batting: RHB Curt Timperley 0-0: Ball
1-0: Sac Bunt - play at first, batter OUT! 1-4
Miguel Fernández to second
Batting: LHB Johnny Hernández 0-0: Called Strike
0-1: Fly out, F8 (Flyball, 8RM)
Batting: SHB Ramiro Salazar 0-0: Called Strike
Balk!
Miguel Fernández to third
0-1: Ball
1-1: Foul Ball, location: 2F
1-2: Foul Ball, location: 2F
1-2: Foul Ball, location: 2F
1-2: Ball
2-2: Ground out U3 (Groundball, 3)
Top of the 5th over - 0 run(s), 1 hit(s), 0 error(s), 1 left on base; Oakland 6 - Houston 1837 4
BOTTOM OF THE 5TH
Houston 1837 Colt .45s batting - Pitching for Oakland Oaks : RHP Curt Timperley
Batting: LHB Mark McClear 0-0: Ball
1-0: Foul Ball, location: 2F
1-1: Called Strike
1-2: Fly out, F3 (Popup, 3SF)
Batting: LHB Juan Rodríguez 0-0: Called Strike
0-1: Ball
1-1: Ball
2-1: Swinging Strike
2-2: Foul Ball, location: 2F
2-2: Ball
3-2: Foul Ball, location: 2F
3-2: Fly out, F8 (Flyball, 8RXD)
Batting: RHB Rob Warner 0-0: Ball
1-0: Foul Ball, location: 2F
1-1: Ball
2-1: Ball
3-1: Called Strike
3-2: Base on Balls
Pitching: RHP Alberto Medina
Batting: LHB Casey Bright 0-0: Called Strike
0-1: Ball
1-1: Fly out, F8 (Flyball, 78D)
Bottom of the 5th over - 0 run(s), 0 hit(s), 0 error(s), 1 left on base; Oakland 6 - Houston 1837 4
TOP OF THE 6TH
Oakland Oaks batting - Pitching for Houston 1837 Colt .45s : RHP Ricardo Martínez
Batting: LHB Félix Pérez 0-0: Called Strike
0-1: Ball
1-1: Foul Ball, location: 2F
1-2: Fly out, F8 (Flyball, 8LD)
Batting: RHB Alden Wiley 0-0: Ball
1-0: Ball
2-0: Swinging Strike
2-1: Ball
3-1: Ground out 5-3 (Groundball, 56)
Batting: RHB Aurelio Vázquez 0-0: Ball
1-0: Ball
2-0: Called Strike
2-1: Ball
3-1: Fly out, F8 (Flyball, 8RD)
Top of the 6th over - 0 run(s), 0 hit(s), 0 error(s), 0 left on base; Oakland 6 - Houston 1837 4
BOTTOM OF THE 6TH
Houston 1837 Colt .45s batting - Pitching for Oakland Oaks : RHP Alberto Medina
Batting: LHB Kyle Bass 0-0: Ball
1-0: SINGLE (Line Drive, 56)
Batting: LHB Jorge Lucero 0-0: Ball
1-0: Ball
2-0: Swinging Strike
2-1: Ball
3-1: SINGLE (Groundball, 5D)
Kyle Bass to second
Pinch Hitting: RHB Steve Hinkle 0-0: Foul Ball, location: 2F
0-1: Ball
1-1: Fly out, F6 (Line Drive, 6)
Batting: RHB Carlos Vera 0-0: Ball
Kyle Bass steals 3rd base
Jorge Lucero to second
1-0: Called Strike
1-1: Ball
2-1: SINGLE (Groundball, 23) (infield hit)
Batting: SHB Cedric Fields 0-0: Ball
1-0: Ball
2-0: Fielders Choice at 2nd, 3-6 (Groundball, 34)
Kyle Bass scores
Jorge Lucero to third
Batting: LHB Mark McClear 0-0: Swinging Strike
0-1: Fly out, F8 (Flyball, 8RXD)
Bottom of the 6th over - 1 run(s), 3 hit(s), 0 error(s), 2 left on base; Oakland 6 - Houston 1837 5
TOP OF THE 7TH
Oakland Oaks batting - Pitching for Houston 1837 Colt .45s : RHP Ricardo Martínez
Pitching: LHP Josh Cox
Batting: RHB Wilber Moon 0-0: Fly out, F8 (Flyball, 8LD)
Batting: LHB Edwin Church 0-0: Ball
1-0: Called Strike
1-1: Foul Ball, location: 2F
1-2: Ground out 4-3 (Groundball, 34)
Batting: RHB Miguel Fernández 0-0: Ball
1-0: Fly out, F7 (Line Drive, 7M)
Top of the 7th over - 0 run(s), 0 hit(s), 0 error(s), 0 left on base; Oakland 6 - Houston 1837 5
BOTTOM OF THE 7TH
Houston 1837 Colt .45s batting - Pitching for Oakland Oaks : RHP Alberto Medina
Pitching: LHP Jared Cox
Now at C: Chandler Bailey
Batting: LHB Juan Rodríguez 0-0: Ball
1-0: Ball
2-0: Called Strike
2-1: Foul Ball, location: 2F
2-2: Strikes out swinging
Batting: RHB Rob Warner 0-0: Called Strike
0-1: Called Strike
0-2: Ground out 5-3 (Groundball, 56S)
Batting: LHB Casey Bright 0-0: Ball
1-0: Called Strike
1-1: Fly out, F9 (Flyball, 9S)
Bottom of the 7th over - 0 run(s), 0 hit(s), 0 error(s), 0 left on base; Oakland 6 - Houston 1837 5
TOP OF THE 8TH
Oakland Oaks batting - Pitching for Houston 1837 Colt .45s : LHP Josh Cox
Batting: RHB Chandler Bailey 0-0: Ball
1-0: Ground out 3-1 (Groundball, 34)
Batting: LHB Johnny Hernández 0-0: Called Strike
0-1: Foul Ball, location: 2F
0-2: Strikes out looking
Batting: SHB Ramiro Salazar 0-0: Ball
1-0: Called Strike
1-1: Ball
2-1: Ball
3-1: Base on Balls
Pinch Hitting: SHB Eugene Parrish 0-0: Ball
1-0: Foul Ball, location: 2F
1-1: Called Strike
1-2: Ball
2-2: Strikes out looking
Top of the 8th over - 0 run(s), 0 hit(s), 0 error(s), 1 left on base; Oakland 6 - Houston 1837 5
BOTTOM OF THE 8TH
Houston 1837 Colt .45s batting - Pitching for Oakland Oaks : LHP Jared Cox
Now in RF: Eugene Parrish
Batting: LHB Kyle Bass 0-0: Ball
1-0: Ball
2-0: Ball
3-0: Base on Balls
Batting: LHB Jorge Lucero 0-0: Ball
1-0: Ball
2-0: Called Strike
2-1: Swinging Strike
2-2: Strikes out swinging
Pitching: RHP Robert Anderson
Pinch Hitting: RHB Tomás Gonzáles 0-0: Ball
1-0: Called Strike
1-1: Ball
2-1: DOUBLE (Flyball, 9M)
Kyle Bass to third
Pitching: RHP Sean Brown
Batting: RHB Carlos Vera 0-0: Ball
1-0: Foul Ball, location: 2F
1-1: Ball
2-1: Foul Ball, location: 2F
2-2: Strikes out looking
Batting: SHB Cedric Fields 0-0: Ball
1-0: Ground out 4-3 (Groundball, 4M)
Bottom of the 8th over - 0 run(s), 1 hit(s), 0 error(s), 2 left on base; Oakland 6 - Houston 1837 5
TOP OF THE 9TH
Oakland Oaks batting - Pitching for Houston 1837 Colt .45s : LHP Josh Cox
Pitching: LHP Jerry Clephane
Batting: RHB Alden Wiley 0-0: Ball
1-0: Ball
2-0: Called Strike
2-1: Fly out, F9 (Flyball, 9D)
Batting: RHB Aurelio Vázquez 0-0: Ball
1-0: Called Strike
1-1: Ball
2-1: SINGLE (Line Drive, 7S)
Batting: RHB Wilber Moon 0-0: Called Strike
0-1: Foul Ball, location: 2F
0-2: Strikes out looking
Pinch Hitting: RHB Eric Murti 0-0: Ball
1-0: Ground out 6-3 (Groundball, 6)
Top of the 9th over - 0 run(s), 1 hit(s), 0 error(s), 1 left on base; Oakland 6 - Houston 1837 5
BOTTOM OF THE 9TH
Houston 1837 Colt .45s batting - Pitching for Oakland Oaks : RHP Sean Brown
Pitching: RHP Dick Rasmussen
Batting: LHB Mark McClear 0-0: Ball
1-0: Ball
2-0: Ball
3-0: Called Strike
3-1: Foul Ball, location: 2F
3-2: Base on Balls
Batting: LHB Juan Rodríguez 0-0: Called Strike
0-1: Ball
1-1: Swinging Strike
1-2: Foul Ball, location: 2F
1-2: Strikes out swinging
Batting: RHB Rob Warner 0-0: Ball
1-0: Called Strike
1-1: Ball
2-1: SINGLE (Flyball, 6MD)
Mark McClear to second
Batting: LHB Casey Bright 0-0: Called Strike
0-1: Ball
1-1: Called Strike
1-2: Foul Ball, location: 2F
1-2: Strikes out swinging
Batting: LHB Kyle Bass 0-0: Ball
1-0: Foul Ball, location: 2F
1-1: Ball
2-1: Foul Ball, location: 2F
Reached via error on a dropped throw, E1
Mark McClear to third
Rob Warner to second
Batting: LHB Jorge Lucero 0-0: Ball
1-0: Called Strike
1-1: Foul Ball, location: 2F
1-2: Ball
2-2: Ball
3-2: Foul Ball, location: 2F
3-2: Base on Balls
Mark McClear scores
Rob Warner to third
Kyle Bass to second
Pinch Hitting: RHB Eddy Baxter 0-0: Ball
1-0: Called Strike
1-1: Ball
2-1: Ball
3-1: GRAND SLAM HOME RUN (Line Drive, 7D), Distance : 412 ft
This league is powered by Out of the Park Baseball, the baseball management simulation game for PC, Mac and Linux
Saturday, July 25th, 2015 - OOTP Baseball 15.6 Build 34